 Dungeon Crawl Stone Soup version 0.28.0-53-g5a82cb258f (webtiles) character file.

Game seed: 7658616325395087042

473 sevvi the Spear-Bearer (level 7, -1/53 HPs)
             Began as a Merfolk Gladiator on June 21, 2022.
             Was an Initiate of Trog.
             Succumbed to a gnoll sergeant's poison
             ... on level 5 of the Dungeon.
             The game lasted 00:31:40 (5308 turns).

sevvi the Spear-Bearer (Merfolk Gladiator)          Turns: 5308, Time: 00:31:41

Health: -1/53      AC:  5    Str: 16    XL:     7   Next: 10%
Magic:  7/7        EV: 14    Int:  8    God:    Trog [......]
Gold:   189        SH:  0    Dex: 15    Spells: 6/6 levels left

rFire   . . .      SeeInvis .   a - +0 trident
rCold   . . .      Faith    .   (no shield)
rNeg    . . .      Spirit   .   b - +0 leather armour
rPois   .          Reflect  .   c - +0 helmet
rElec   .          Harm     .   (no cloak)
rCorr   .          Rampage  .   (no gloves)
Will    .....                   i - +0 pair of boots
Stlth   +.........              (no amulet)
HPRegen 0.17/turn               (no ring)
MPRegen 0.10/turn               (no ring)

@: lethally poisoned (-1 -> -26)
A: (nimble swimmer 2), mertail
a: Renounce Religion


You were on level 5 of the Dungeon.
You worshipped Trog.
Trog was noncommittal.
You visited 1 branch of the dungeon, and saw 5 of its levels.

You collected 189 gold pieces.

Inventory:

Hand Weapons
 a - a +0 trident (weapon)
 w - a +0 hunting sling
Missiles
 d - a throwing net (quivered)
 e - 186 stones
 f - 84 arrows
 g - 24 sling bullets
 t - 6 poisoned darts
Armour
 b - a +0 leather armour (worn)
 c - a +0 helmet (worn)
 i - a +0 pair of boots (worn)
Jewellery
 q - an amulet of magic regeneration
Wands
 s - a wand of polymorph (7)
 v - a wand of flame (23)
Scrolls
 j - 2 scrolls of fear
 k - 2 scrolls of enchant weapon {unknown}
 n - a scroll of noise {unknown}
 o - a scroll of brand weapon {unknown}
 r - a scroll of identify {unknown}
 u - a scroll of magic mapping {unknown}
 x - a scroll of blinking {unknown}
 y - a scroll of teleportation {unknown}
Potions
 h - a potion of attraction {unknown}
 l - a potion of flight {unknown}
 m - 3 potions of might {unknown}
 p - a potion of mutation {unknown}
 z - a potion of curing {unknown}
 A - a potion of heal wounds {unknown}
 B - 2 potions of brilliance {unknown}


   Skills:
 + Level 3.9 Fighting
 + Level 8.3 Polearms
 + Level 2.4 Throwing
 - Level 1.7 Armour
 + Level 5.2 Dodging
 - Level 1.0 Stealth


You had 6 spell levels left.
You didn't know any spells.
Your spell library was empty.

Dungeon Overview and Level Annotations

Branches:
Dungeon (5/15)
 Temple: D:4-7

Altars:
Trog

Shops:
D:3 :[


Innate Abilities, Weirdness & Mutations

((You are very nimble when in or above water. (Stealth+, EV+, Speed+++)))
Your lower body shifts to a powerful aquatic tail in water.


Message History

Press: ? - help, Shift-Dir - straight line, f - gnoll sergeant
Aim: a gnoll sergeant, wielding a +5 spear of venom and wearing a +0 ring mail (68% to hit)
You throw a poisoned dart.
The poisoned dart hits the gnoll sergeant.
The gnoll sergeant is poisoned.
You reach to attack!
You hit the gnoll sergeant.
The gnoll sergeant is lightly wounded.
The gnoll sergeant misses you.
You reach to attack!
You hit the gnoll sergeant but do no damage.
The gnoll sergeant is lightly wounded.
The gnoll sergeant barely misses you.
You reach to attack!
You puncture the gnoll sergeant!
The gnoll sergeant is heavily wounded.
You reach to attack!
You hit the gnoll sergeant but do no damage.
The gnoll sergeant is heavily wounded.
The gnoll sergeant hits you from afar with a +5 spear of venom!
You are poisoned.
You reach to attack!
You barely miss the gnoll sergeant.
The gnoll sergeant is severely wounded.
You feel very sick.
The gnoll sergeant hits you from afar with a +5 spear of venom.
You are more poisoned.
You reach to attack!
You hit the gnoll sergeant.
The gnoll sergeant is severely wounded.
You feel very sick.
The gnoll sergeant looks more healthy.
The gnoll sergeant hits you from afar with a +5 spear of venom.
You are more poisoned.
You are too injured to fight recklessly!
You are too injured to fight recklessly!
* * * LOW HITPOINT WARNING * * *
You feel extremely sick.
The gnoll sergeant hits you with a +5 spear of venom!
* * * LOW HITPOINT WARNING * * *
There is an open door, spattered with blood here.
You hit the gnoll sergeant but do no damage.
The gnoll sergeant is almost dead.
You die...

#.......'...+....[..#
#.......#...#.......#
##.....##^..##.....##
##...###...###...##
##### #...# #####
##...# #...###...##
#.....##...##.....##
.......#...#.......#
..$.(.g@...'.......#
.......#...#.......#
#.....##...##.....##
##...# #...###...##
##### #...# #####
##...###...###...##
##.....##...##.....##
#.......#...#.......#
#.......'...'.......#


You could see a gnoll sergeant.

Vanquished Creatures
  An ogre (D:4)
  A phantom (D:4)
  A jelly (D:5)
  An orc priest (D:3)
  2 hounds (D:4)
  An iguana (D:5)
  7 adders
  2 ufetubi (D:5)
  An adder skeleton (D:4)
  A worm (D:1)
  2 dart slugs
  8 orcs
  9 bats
  4 endoplasms
  5 giant cockroaches
  6 goblins
  2 hobgoblins
  2 jackals (D:1)
  6 kobolds
  9 quokkas
  8 ball pythons
  4 frilled lizards
  8 rats
91 creatures vanquished.

Notes
Turn   | Place    | Note
-------+----------+-------------------------------------------
     0 | D:1      | sevvi the Merfolk Gladiator began the quest for the Orb.
     0 | D:1      | Reached XP level 1. HP: 16/16 MP: 1/1
   201 | D:1      | Reached XP level 2. HP: 22/22 MP: 2/2
   538 | D:1      | Reached skill level 5 in Polearms
   611 | D:1      | Reached XP level 3. HP: 26/28 MP: 3/3
  1239 | D:2      | Found a faded altar of an unknown god.
  2076 | D:2      | Reached XP level 4. HP: 31/34 MP: 4/4
  2276 | D:3      | Reached skill level 1 in Armour
  2314 | D:3      | Found Bini's Book Emporium.
  2347 | D:3      | Found a bloodstained altar of Trog.
  2479 | D:3      | Became a worshipper of Trog the Wrathful
  2516 | D:3      | Found Amitt's Antique Armour Emporium.
  2891 | D:3      | Reached XP level 5. HP: 35/41 MP: 5/5
  3027 | D:3      | Found Qish's Distillery.
  3086 | D:3      | Reached skill level 6 in Polearms
  3630 | D:4      | Noticed a phantom
  3634 | D:5      | Entered Level 5 of the Dungeon
  3989 | D:4      | Reached skill level 5 in Dodging
  4169 | D:4      | Noticed a phantom
  4450 | D:4      | Reached skill level 1 in Stealth
  4450 | D:4      | Reached XP level 6. HP: 42/47 MP: 6/6
  4634 | D:4      | Reached skill level 7 in Polearms
  5000 | D:5      | Reached skill level 8 in Polearms
  5039 | D:5      | Reached XP level 7. HP: 50/53 MP: 7/7
  5308 | D:5      | Succumbed to a gnoll sergeant's poison

Illustrated notes

Levels and vault maps discovered:
D:1:      dpeg_arrival_signposts, layout_basic
D:2:      layout_loops_ring, nicolae_ecumenical_pavilion
D:3:      layout_loops_ring, mainiacjoe_overflow_chevrons, serial_shops, shop,
          shop, shop, hangedman_glass_teeth, minmay_fountain_box, minivault_14,
          st_stairs_5
D:4:      layout_layer_cave
D:5:      kennysheep_six_static_rooms, layout_basic,
          mainiacjoe_overflow_six_doors_small, minmay_temple_entry_poolview,
          minmay_misc_feat_four_crosses, minmay_splitting_lines, uniq_edmund,
          uniq_blork_the_orc, uniq_menkaure, uniq_sigmund

Skill      XL: |  1  2  3  4  5  6 |
---------------+-------------------+-----
Polearms       | 5 6 8 |  8.3
Armour         | 1 |  1.7
Fighting       | 3 |  3.9
Dodging        | 5 |  5.2
Stealth        | 1 |  1.0
Throwing       | |  2.4

Action                   |  1- 3 |  4- 6 |  7- 9 || total
-------------------------+-------+-------+-------++-------
Melee: Trident           |   125 |   195 |    25 ||   345
       Punch             |       |     3 |       ||     3
Throw: Throwing net      |     1 |     4 |       ||     5
       Dart              |       |       |     1 ||     1
  Use: Scroll            |       |     1 |       ||     1
 Stab: Sleeping          |       |     2 |       ||     2
Armor: Leather armour    |    27 |    33 |     7 ||    67
Dodge: Dodged            |    98 |    91 |    12 ||   201
